 Dungeon Crawl Stone Soup version 0.28-a0-973-ga7f8b01127 (webtiles) character file.

Game seed: 8057697345882866561

118 bearlyready the Conjurer (level 4, 0/37 HPs)
             Began as a Draconian Conjurer on Dec 2, 2021.
             Slain by an orc wizard (4 damage)
             ... on level 3 of the Dungeon.
             The game lasted 00:06:57 (3262 turns).

bearlyready the Conjurer (Draconian Conjurer)       Turns: 3262, Time: 00:06:58

Health: 0/37       AC:  5    Str: 15    XL:     4   Next: 72%
Magic:  2/7        EV: 12    Int: 21    God:
Gold:   11         SH:  0    Dex:  9    Spells: 4/7 levels left

rFire   . . .      SeeInvis .   c - +0 dagger
rCold   . . .      Faith    .   (no shield)
rNeg    . . .      Spirit   .   (armour unavailable)
rPois   .          Reflect  .   (helmet restricted)
rElec   .          Harm     .   e - scarf {shadows}
rCorr   .          Rampage  .   (no gloves)
Will    .....                   (no boots)
Stlth   ++........              j - amulet of the acrobat
HPRegen 0.12/turn               f - +6 ring of strength
MPRegen 0.10/turn               (no ring)

@: no status effects
A: AC +5, unfitting armour, cold-blooded
a: no special abilities


You were on level 3 of the Dungeon.
You visited 1 branch of the dungeon, and saw 3 of its levels.

You collected 11 gold pieces.

Inventory:

Hand Weapons
 c - a +0 dagger (weapon)
Missiles
 b - 83 stones
 d - 33 sling bullets
Armour
 e - a scarf of shadows (worn)
 n - a +0 cloak
Magical Staves
 g - a staff of conjuration
 i - a staff of cold
Jewellery
 f - a +6 ring of strength (left hand)
 j - an amulet of the acrobat (around neck)
Scrolls
 a - 2 scrolls of identify {unknown}
 h - a scroll of teleportation {unknown}
 k - a scroll of brand weapon {unknown}
 l - a scroll of enchant armour {unknown}
 m - a scroll of fog {unknown}


   Skills:
 + Level 2.5 Fighting
 - Level 1.7 Dodging
 - Level 1.7 Stealth
 - Level 2.0 Spellcasting
 + Level 5.6 Conjurations


You had 4 spell levels left.
You knew the following spells:

 Your Spells              Type           Power      Damage    Failure   Level
a - Magic Dart            Conj           100%       1d8       1%          1
b - Searing Ray           Conj           50%        2d6       2%          2

Your spell library contained the following spells:

 Spells                   Type           Power      Damage    Failure   Level
 Beastly Appendage        Tmut           4%         N/A       14%         1
 Dazzling Flash           Conj/Hex       26%        N/A       14%         3
 Wereblood                Tmut           2%         N/A       22%         2
 Spider Form              Tmut/Pois      2%         N/A       41%         3
 Fulminant Prism          Conj/Hex       6%         3d7       43%         4
 Iskenderun's Mystic Bla  Conj/Tloc      13%        2d5       43%         4


Dungeon Overview and Level Annotations

Branches:
Dungeon (3/15)

Altars:

Shops:
D:1 [*?=[   D:2 !


Innate Abilities, Weirdness & Mutations

Your plain brown scales are hard. (AC +5)
You cannot fit into any form of body armour.
You are cold-blooded and may be slowed by cold attacks.


Message History

You bump into the rock wall.
The orc wizard gestures wildly while chanting.
The orc wizard flickers and vanishes!
Deactivating autopickup; reactivate with Ctrl-A.
You bump into the rock wall.
Something completely misses you.
You barely miss something. Something hits you but does no damage.
You bump into the rock wall.
Something hits you.
You feel less confused. Something misses you.
You hear some strange, mumbled words.
You are confused.
A magic dart appears from out of thin air!
The magic dart hits you!
* * * LOW HITPOINT WARNING * * *
You aren't carrying any potions.
You bump into the rock wall.
You're too confused to move!
You bump into the rock wall.
Something hits you.
* * * LOW HITPOINT WARNING * * *
You closely miss something.
You hear some strange, mumbled words.
Something tries to affect you, but you resist.
You barely miss something.
You hear some strange, mumbled words.
Something tries to affect you, but you resist.
You bump into the rock wall.
You feel less confused. Something hits you.
* * * LOW HITPOINT WARNING * * *
Casting: Searing Ray (safe; 2% risk of failure)
Confirm with . or Enter, or press ? or * to list all spells.
You can't see any susceptible monsters within range! (Use Z to cast anyway.)
Casting: Searing Ray (safe; 2% risk of failure)
Confirm with . or Enter, or press ? or * to list all spells.
Aiming: Searing Ray (safe; 2% risk of failure)
Press: ? - help, Shift-Dir - straight line (Press . to maintain the ray.)
Something hits you.
You die...

##### #....#.#......#..#
#...# #.................
....# #.............#.#.
.#..#####...................
................o.....#.#..
..
.#...........###'##)#.....#
#.
.............'g..##†#.......#
#.
.............######)#.##.##.#
#.
.............#..@{..#.##.##.#
#.
###..#.#)#...#.#####......#.#
#. #..........# #.#.#.)#.#
##. #..#.#.#...#
#.#....#.###.. #........###
#......#...... ...#.#.#.#
........#.###.. ##.......#
###.......# ### ......####
##.#..#


There were no monsters in sight!

Vanquished Creatures
  Crazy Yiuf (D:3)
  Robin (D:2)
  An adder (D:2)
  2 worms (D:2)
  5 orcs (D:3)
  6 ball pythons
  4 bats
  8 endoplasms
  2 giant cockroaches
  7 hobgoblins
  3 kobolds
  A quokka (D:2)
  A frilled lizard (D:2)
  9 goblins
  3 rats (D:2)
54 creatures vanquished.

Notes
Turn   | Place    | Note
-------+----------+-------------------------------------------
     0 | D:1      | bearlyready the Draconian Conjurer began the quest for the
                  | Orb.
     0 | D:1      | Reached XP level 1. HP: 14/14 MP: 3/3
     9 | D:1      | Found Tusuuh's Jewellery Emporium.
   320 | D:1      | Reached XP level 2. HP: 20/20 MP: 3/5
   342 | D:1      | Found Kewulu's Magic Scroll Shop.
   569 | D:1      | Found Xavvoa's Armour Shop.
   573 | D:1      | Found Plog's General Store.
   832 | D:1      | Found Piptamp's Antique Armour Boutique.
   975 | D:2      | Found a faded altar of an unknown god.
  1014 | D:2      | Reached skill level 5 in Conjurations
  1023 | D:2      | Learned a level 2 spell: Searing Ray
  1178 | D:2      | Reached XP level 3. HP: 26/26 MP: 3/6
  1651 | D:2      | Found Gaobiulagu's Distillery.
  1710 | D:2      | Reached skill level 1 in Fighting
  1802 | D:2      | You fall into a shaft and drop 1 floor!
  2724 | D:3      | Found a runed translucent door.
  2725 | D:3      | Noticed Crazy Yiuf
  2731 | D:3      | Killed Crazy Yiuf
  2732 | D:3      | Reached XP level 4. HP: 21/36 MP: 2/7
  2873 | D:3      | Noticed Robin
  2997 | D:2      | Killed Robin
  3262 | D:3      | Slain by an orc wizard

Illustrated notes

Levels and vault maps discovered:
D:1:      psy_arrival_terrarium, layout_rooms, serial_shops,
          nicolae_shop_waterfront, nicolae_shop_advertising_works
          [nicolae_subvault_shop_adworks], shop, shop, shop, amethyst_killhole
D:2:      layout_loops_corners, serial_shops, nicolae_shop_hallway_plus,
          basic_ecumenical_altar, grunt_decor_one_mirror, grunt_ministairs_12,
          kennysheep_generic_room_9
D:3:      layout_basic, nicolae_overflow_ecumenical_swirl,
          nzn_hepliaklqana_mist_gate, jmf_multi_god_temple2, serial_glass,
          glass_columns_a, glass_columns_c, glass_columns_a, glass_columns_b,
          glass_columns_a, glass_columns_a, glass_columns_c, glass_columns_a,
          glass_columns_b, glass_columns_b, uniq_robin, uniq_crazy_yiuf_cottage,
          uniq_grinder

Skill      XL: |  1  2  3 |
---------------+----------+-----
Conjurations   | 5 |  5.6
Fighting       | 2 |  2.5
Dodging        | |  1.7
Stealth        | |  1.7
Spellcasting   | |  2.0

Action                   |  1- 3 |  4- 6 || total
-------------------------+-------+-------++-------
Melee: Unarmed           |    17 |       ||    17
       Tailslap          |    12 |     4 ||    16
       Dagger            |    71 |    30 ||   101
 Cast: Magic Dart        |    28 |       ||    28
       Searing Ray       |     9 |     5 ||    14
 Stab: Sleeping          |     2 |       ||     2
Armor: Skin              |    23 |     5 ||    28
Dodge: Dodged            |    47 |    43 ||    90

Table legend: (Time is in decaauts)
 A = Elapsed time spent in this place.
 B = Non-inter-level travel time spent in this place.
 C = Inter-level travel time spent in this place.
 D = Time resting spent in this place.
 E = Time spent auto-exploring this place.
 F = Levels seen in this place.
 G = Mean time per level.
                   A        B        C        D        E       F      G
               +--------+--------+--------+--------+--------+-----+--------+
         Total |   3265 |   3117 |    148 |      0 |   2509 |   3 | 1088.3 |
       Dungeon |   3265 |   3117 |    148 |      0 |   2509 |   3 | 1088.3 |
               +--------+--------+--------+--------+--------+-----+--------+

Top non-repeatable levels by time:
     D:2: 1898 daAuts
     D:1: 975 daAuts
     D:3: 391 daAuts
